Map: Lightshade LE

Players

Rex

  • Race: Zerg Zerg

GogojOey - Winner!

  • Race: Zerg Zerg

VOD

Have the link to the VOD?

Description

Time

  • Played on: Oct. 2, 2021, 7:30 a.m.
  • Length: 9:17
Show
View Real Time Build Order
Export as new Build Order

Rex Zerg 

Build Orders: Hatch First 

Get SALT Encoding   

  12  0:00  Drone  
  13  0:13  Overlord  
  13  0:17  Drone  
  14  0:31  Drone  
  14  0:32  Drone  
  16  0:49  Hatchery  
  15  0:51  Drone  
  15  0:55  Drone  
  17  0:57  Drone  
  18  1:09  Extractor  
  17  1:13  Spawning Pool  
  17  1:16  Drone  
  17  1:19  Drone  
  18  1:29  Drone  
  19  2:01  Zergling x8, Queen x2  
  24  2:17  Zergling x2  
  24  2:18  Zergling x2  
  24  2:26  Drone  
  24  2:29  Drone  
  26  2:39  Overlord  
  26  2:58  Overlord  
  26  2:59  Drone x2  
  27  3:05  Drone  
  27  3:07  Drone  
  27  3:10  Drone  
  28  3:16  Drone  
  28  3:22  Drone  
  28  3:23  Drone x4  
  32  3:29  Overlord  
  32  3:36  Queen  
  34  3:43  Queen  
  36  3:49  Evolution Chamber  
  35  3:56  Roach Warren  
  35  4:02  Drone x3  
  37  4:09  Drone x3  
  40  4:13  Drone  
  40  4:15  Drone  
  41  4:24  Lair  
  41  4:28  Zerg Missile Weapons Level 1, Extractor x2  
  39  4:32  Drone x2  
  39  4:35  Overlord  
  39  4:38  Drone  
  42  4:45  Drone  
  43  4:46  Overlord  
  43  4:54  Drone  
  43  4:55  Drone x5  
  49  5:05  Drone  
  50  5:10  Hatchery  
  49  5:19  Overlord x2  
  49  5:24  Roach x2  
  49  5:26  Glial Reconstitution  
  53  5:30  Overseer  
  53  5:32  Overlord  
  53  5:38  Roach x2  
  53  5:41  Roach x2  
  61  5:46  Roach x2  
  61  5:49  Roach  
  67  5:55  Overlord  
  67  5:57  Roach x2  
  69  6:00  Roach  
  69  6:02  Roach  
  75  6:08  Overlord x2  
  75  6:15  Roach x2  
  75  6:17  Roach  
  81  6:21  Roach  
  83  6:28  Roach  
  83  6:29  Roach x3  
  81  6:34  Roach x2  
  81  6:36  Roach  
  81  6:39  Roach  
  79  6:41  Roach  
  79  6:44  Roach  
  79  6:46  Drone  
  80  6:49  Roach  
  80  6:51  Roach  
  82  7:01  Roach  
  82  7:04  Roach x4  
  82  7:05  Roach  
  82  7:07  Roach  
  96  7:09  Roach  
  96  7:13  Roach  
  100  7:17  Ravager  
  100  7:18  Roach x2  
  105  7:23  Overlord x2  
  105  7:26  Overlord  
  105  7:27  Ravager  
  106  7:42  Roach x5  
  114  7:45  Roach  
  114  7:46  Drone  
  114  7:49  Drone  
  118  7:54  Drone x5  
  123  8:05  Extractor  
  123  8:09  Overlord  
  123  8:11  Drone  
  123  8:12  Drone x5  
  128  8:18  Overlord  
  128  8:20  Drone  
  128  8:21  Drone, Extractor  
  128  8:24  Overlord x2  
  129  8:27  Overlord  
  129  8:31  Overlord  
  129  8:34  Ravager  
  130  8:36  Ravager  
  130  8:40  Roach x3  
  137  8:43  Roach x3  
  141  8:55  Roach x6  
  135  8:58  Roach  
Show
View Real Time Build Order
Export as new Build Order

GogojOey Zerg - Winner!

Build Orders: Pool First 

Get SALT Encoding   

  12  0:17  Spawning Pool  
  11  0:22  Drone  
  11  0:27  Drone  
  13  0:31  Drone  
  14  0:40  Overlord  
  14  1:04  Zergling x4, Queen  
  14  1:05  Zergling x2  
  19  1:16  Zergling x2  
  20  1:26  Zergling x2  
  21  1:33  Hatchery  
  21  1:38  Drone  
  21  1:48  Overlord  
  21  1:53  Extractor  
  20  2:00  Drone  
  21  2:09  Queen  
  21  2:10  Drone  
  21  2:12  Drone  
  21  2:15  Drone  
  25  2:18  Drone  
  25  2:22  Drone  
  26  2:34  Drone  
  27  2:43  Drone  
  28  2:45  Queen  
  28  2:48  Queen  
  32  2:57  Drone x2  
  33  3:06  Overlord  
  33  3:10  Drone x2  
  34  3:17  Drone  
  35  3:24  Drone x2  
  35  3:25  Drone  
  38  3:28  Overlord  
  38  3:38  Lair  
  38  3:41  Evolution Chamber  
  38  3:43  Drone  
  38  3:44  Drone  
  38  3:47  Drone  
  40  3:50  Drone x2  
  42  3:58  Roach Warren  
  42  3:59  Drone  
  42  4:02  Drone  
  43  4:04  Drone  
  43  4:06  Drone  
  43  4:09  Zerg Missile Weapons Level 1  
  45  4:14  Drone  
  45  4:16  Overlord  
  46  4:18  Drone  
  46  4:21  Extractor  
  46  4:22  Drone x2  
  46  4:23  Extractor  
  47  4:24  Drone  
  47  4:28  Drone x2  
  51  4:31  Drone  
  51  4:33  Drone  
  51  4:36  Drone x3  
  55  4:40  Glial Reconstitution  
  55  4:51  Hatchery  
  54  4:56  Overlord  
  54  4:58  Roach x2  
  58  5:02  Roach  
  58  5:04  Overlord  
  60  5:10  Extractor  
  60  5:13  Overlord  
  59  5:16  Roach x3  
  65  5:24  Roach  
  65  5:25  Roach x2  
  71  5:29  Roach x2  
  71  5:34  Roach x2  
  79  5:37  Roach x2  
  79  5:42  Overlord  
  83  5:45  Overlord  
  83  5:49  Overlord  
  83  6:00  Overlord x2  
  83  6:03  Drone  
  84  6:04  Evolution Chamber  
  84  6:05  Drone x4  
  84  6:08  Ravager x2, Drone  
  90  6:12  Roach  
  90  6:16  Roach  
  90  6:17  Roach  
  96  6:18  Ravager  
  96  6:20  Drone x2  
  96  6:25  Roach x2  
  102  6:31  Zerg Missile Weapons Level 2  
  94  6:35  Roach x2  
  94  6:37  Roach  
  88  6:40  Drone  
  88  6:41  Drone  
  88  6:43  Roach x2  
  88  6:45  Roach  
  92  6:51  Roach x3  
  92  6:53  Roach  
  100  7:00  Roach x3  
  100  7:06  Roach x3  
  104  7:11  Roach  
  104  7:12  Overlord  
  106  7:18  Zerg Ground Armor Level 1  
  106  7:20  Overlord x2  
  106  7:31  Roach  
  106  7:32  Roach x3  
  114  7:43  Overlord  
  114  7:45  Roach x8  
  130  7:51  Overlord x2  
  130  7:59  Overlord  
  130  8:02  Ravager x4  
  134  8:06  Drone x2, Overlord, Extractor  
  134  8:07  Overlord  
  134  8:08  Roach  
  134  8:10  Roach  
  134  8:11  Roach  
  143  8:13  Roach  
  143  8:16  Roach x2  
  147  8:25  Roach x4  
  155  8:32  Roach x3  
  161  8:36  Roach x2  
  161  8:53  Roach x9  
Tags
 
Add a new tag
Caveats
  • Supply blocks, unpowered buildings, or Contaminate may cause inaccurate times.
  • Supply counts are checked every 10 seconds.